 Dungeon Crawl Stone Soup version 0.19-a0-1903-gead39cf (webtiles) character file.

23 Disciple the Cudgeler (level 2, 23/23 HPs)
             Began as a Draconian Monk on Oct 20, 2016.
             Quit the game on level 1 of the Dungeon.
             The game lasted 00:01:29 (662 turns).

Disciple the Cudgeler (Draconian Monk)               Turns: 662, Time: 00:01:29

Health: 23/23      AC:  4    Str: 13    XL:     2   Next: 72%
Magic:  1/1        EV: 13    Int: 10    God:
Gold:   11         SH:  0    Dex: 13    Spells: 0 memorised, 1 level left

rFire  . . .     SeeInvis .     a - +0 mace
rCold  . . .     Gourm    .     (armour unavailable)
rNeg   . . .     Faith    .     (no shield)
rPois  .         Spirit   .     (helmet restricted)
rElec  .         Reflect  .     (no cloak)
rCorr  .         Harm     .     (no gloves)
MR     .....                    (no boots)
Stlth  ++........               (no amulet)
                                (no ring)
                                (no ring)

@: no status effects
A: unfitting armour, horns 1, deterioration 1, frail 1, low mp 1, cold-blooded,
AC +4
a: no special abilities


You were on level 1 of the Dungeon.
You were not hungry.

You visited 1 branch of the dungeon, and saw 1 of its levels.

You collected 11 gold pieces.

Inventory:

Hand Weapons
 a - a +0 mace (weapon)
Scrolls
 e - a scroll of enchant armour {unknown}
 f - a scroll of noise {unknown}
 j - a scroll of immolation {unknown}
Potions
 c - a potion of agility {unknown}
 d - 2 potions of curing
 g - a potion of resistance {unknown}
Comestibles
 b - a bread ration
 i - 2 chunks of flesh


   Skills:
 - Level 3.2 Fighting
 + Level 4.0 Maces & Flails
 - Level 2.6 Dodging
 - Level 1.7 Stealth


You had one spell level left.
You didn't know any spells.

Dungeon Overview and Level Annotations

Branches:
Dungeon (1/15)

Altars:


Innate Abilities, Weirdness & Mutations

Your plain brown scales are hard. (AC +4)
You cannot fit into any form of body armour.
You are cold-blooded and may be slowed by cold attacks.
You have a pair of small horns on your head.
Your body sometimes deteriorates upon taking damage.
You are frail. (-10% HP)
Your magical capacity is low. (-10% MP)


Message History

No target in view!
No target in view!
No target in view!
No target in view!
Things that are here:
a whip; a stone
Found 26 stones.
Okay, then.
Found a ring mail.
It was a potion of curing.
You feel better.
It was a potion of mutation.
You feel extremely strange.
You feel frail.
You feel your magical essence link to your wands.
You feel less energetic.
Autopickup is now off.
Autopickup is now on.
You feel extremely strange. A pair of horns grows on your head!
You feel yourself wasting away.
Your magical essence is no longer linked to your wands.
Are you sure you want to abandon this character and quit the game? (Confirm with "yes".)

#.# #.# .[# #.# #(# #.#
#.# #.# #.# # #.# #.#.#
##.########.#####.#.#.###
.........................
##.##############@#
##.#####........#.#
.............##.#.######
...#####...#.............
...# ###.#........#######
(..###.................
...##.(≈≈≈≈≈≈≈..#######
.)....≈≈.....≈≈..##
##...≈≈....♣..≈≈..#


There were no monsters in sight!

Vanquished Creatures
  An ooze (D:1)
  3 bats (D:1)
  A giant cockroach (D:1)
  3 goblins (D:1)
  3 hobgoblins (D:1)
  2 kobolds (D:1)
  A frilled lizard (D:1)
  A rat (D:1)
15 creatures vanquished.

Notes
Turn   | Place    | Note
-------+----------+-------------------------------------------
     0 | D:1      | Disciple the Draconian Monk began the quest for the Orb.
     0 | D:1      | Reached XP level 1. HP: 19/19 MP: 1/1
   158 | D:1      | Reached XP level 2. HP: 18/26 MP: 2/2
   509 | D:1      | Reached skill level 4 in Maces & Flails
   660 | D:1      | Gained mutation: You are frail. (-10% HP) [potion of mutation]
   660 | D:1      | Gained mutation: You expend magic power (3 MP) to strengthen your wands. [potion of mutation]
   660 | D:1      | Gained mutation: Your magical capacity is low. (-10% MP) [potion of mutation]
   661 | D:1      | Gained mutation: You have a pair of small horns on your head. [potion of mutation]
   661 | D:1      | Gained mutation: Your body sometimes deteriorates upon taking damage. [potion of mutation]
   661 | D:1      | Lost mutation: You expend magic power (3 MP) to strengthen your wands. [potion of mutation]
   662 | D:1      | Quit the game

Vault maps used:
D:1:      moated_graveyard_arrival, serial_corexii_hall, corexii_hall_statues_i,
          corexii_hall_statues_l

Skill      XL: |  1  2 |
---------------+-------+-----
Maces & Flails | 4 |  4.0
Fighting       | |  3.2
Dodging        | |  2.6
Stealth        | |  1.7

Action                   || total
-------------------------++-------
Melee: Mace              ||    40
       Tailslap          ||     3
  Use: Potion            ||     3
 Stab: Sleeping          ||     2
Armor: Skin              ||     9
Dodge: Dodged            ||    25
